 Dungeon Crawl Stone Soup version 0.23.2-40-g277498a (webtiles) character file.

Game seed: 9115091226708338371

81 Balder the Skirmisher (level 4, -5/36 HPs)
             Began as a Demonspawn Berserker on Aug 26, 2019.
             Was a Believer of Trog.
             Killed from afar by Sigmund (6 damage)
             ... with a magic dart
             ... on level 2 of the Dungeon.
             The game lasted 00:04:54 (975 turns).

Balder the Skirmisher (Demonspawn Berserker)         Turns: 975, Time: 00:04:55

Health: -5/36      AC:  8    Str: 19    XL:     4   Next: 19%
Magic:  4/4        EV:  8    Int:  8    God:    Trog [**....]
Gold:   42         SH:  0    Dex: 12    Spells: 3/3 levels left

rFire    + . .     SeeInvis .   a - +0 mace
rCold    + . .     Gourm    .   (no shield)
rNeg     . . .     Faith    .   e - +0 chain mail
rPois    +         Spirit   .   (no helmet)
rElec    +         Reflect  .   (no cloak)
rCorr    +         Harm     .   (no gloves)
MR       .....                  (no boots)
Stlth    ..........             (no amulet)
HPRegen  0.12/turn              (no ring)
MPRegen  0.09/turn              (no ring)

@: resistant, berserk cooldown
A: claws 1, powered by death 1
a: Berserk, Trog's Hand, Renounce Religion


You were on level 2 of the Dungeon.
You worshipped Trog.
Trog was pleased with you.
You were near starving.

You visited 1 branch of the dungeon, and saw 2 of its levels.

You collected 42 gold pieces.

Inventory:

Hand Weapons
 a - a +0 mace (weapon)
Armour
 e - a +0 chain mail (worn)
Scrolls
 f - a scroll of remove curse {unknown}
 g - a scroll of teleportation {unknown}
 h - 2 scrolls of identify {unknown}
 i - a scroll of blinking {unknown}
Potions
 b - a potion of resistance
Comestibles
 c - 3 rations
 d - 4 chunks of flesh


   Skills:
 * Level 3.6 Fighting
 * Level 3.6 Maces & Flails
 * Level 2.2 Armour
 * Level 2.0 Dodging
 * Level 0.8 Stealth


You had 3 spell levels left.
You didn't know any spells.
Your spell library was empty.

Dungeon Overview and Level Annotations

Branches:
Dungeon (2/15)

Altars:

Annotations:
D:2 Sigmund


Innate Abilities, Weirdness & Mutations

You have sharp fingernails.
You regenerate a little health from kills.


Message History

You closely miss Sigmund.
Sigmund is moderately wounded.
You feel yourself speed up. Sigmund closely misses you.
Sigmund hits you from afar with a +0 scythe!
* * * LOW HITPOINT WARNING * * *
Items here: ))) †† a +0 dagger x2; a +0 club; a goblin corpse; a frilled lizard corpse
Things that are here:
a stone; 3 gold pieces; a goblin corpse
Items here: ( ))) † a +0 club; a +0 hunting sling; 16 stones; a +0 club; a goblin corpse Sigmund hits you from afar with a +0 scythe.
* * * LOW HITPOINT WARNING * * *
Sigmund casts a spell at you. The puff of flame misses you.
You see here a leopard gecko skeleton.
Sigmund points at you and mumbles some strange words.
The magic dart hits you.
You die...

..### #.#
......#####.#
....Kgg))g).#
#####.####@.#
#.####..##
#....(...#
######.#÷#
.......#.##
###.@..##
##.....####
#..>......#
##.....##.# #
#....###.# #.
#.#.## #.#
#.##### #.###
#.# #.<..#
### #.# #.#
#.###.###.##
#.# #^#


You could see Sigmund and a goblin.

Vanquished Creatures
  Robin (D:2)
  2 adders (D:2)
  3 dart slugs (D:1)
  3 leopard geckos
  5 bats (D:1)
  2 giant cockroaches
  9 goblins
  5 hobgoblins
  4 jackals (D:1)
  4 frilled lizards
  5 rats (D:1)
43 creatures vanquished.

Notes
Turn   | Place    | Note
-------+----------+-------------------------------------------
     0 | D:1      | Balder the Demonspawn Berserker began the quest for the
                  | Orb.
     0 | D:1      | Reached XP level 1. HP: 18/18 MP: 1/1
    99 | D:1      | Gained mutation: You regenerate a little health from kills.
                  | [demonic ancestry]
    99 | D:1      | Reached XP level 2. HP: 24/24 MP: 2/2
   359 | D:1      | Reached ** piety under Trog
   407 | D:1      | Gained mutation: You have sharp fingernails. [demonic
                  | ancestry]
   407 | D:1      | Reached XP level 3. HP: 29/29 MP: 3/3
   916 | D:2      | Noticed Robin
   927 | D:2      | Noticed Sigmund
   947 | D:2      | Killed Robin
   947 | D:2      | Reached XP level 4. HP: 36/36 MP: 4/4
   971 | D:2      | HP: 1/36 [Sigmund/+0 scythe (5)]
   975 | D:2      | Killed from afar by Sigmund

Skill      XL: |  1  2  3 |
---------------+----------+-----
Maces & Flails | 3 |  3.6
Armour         | 2 |  2.2
Dodging        | 2 |  2.0
Fighting       | |  3.6
Stealth        | |  0.8

Action                   |  1- 3 |  4- 6 || total
-------------------------+-------+-------++-------
Melee: Mace              |   122 |    16 ||   138
Invok: Berserk           |     1 |       ||     1
       Trog's Hand       |     1 |       ||     1
  Use: Potion            |     1 |       ||     1
Armor: Animal skin       |     3 |       ||     3
       Chain mail        |    90 |    14 ||   104
Dodge: Dodged            |    59 |    17 ||    76
